[Event "Titled Tuesday Blitz April 12 Early 2022"]
[White "Aaditya Dhingra"]
[Black "Timofeev, Artyom"]
[WhiteFideId "25678191"]
[BlackFideId "4140419"]
[WhiteElo "1849"]
[BlackElo "2594"]
[Result "0-1"]
[Round "01"]
[TimeControl "180+1"]
[Date "2022.04.12"]
[WhiteClock "0:00:19"]
[BlackClock "0:01:07"]

1. d4 Nf6 2. Nf3 g6 3. c4 Bg7 4. Nc3 d5 5. e3 O-O 6. cxd5 Nxd5 7. Bc4 Nb6 8. Be2 Nc6 9. O-O a5 10. d5 Bxc3 11. dxc6 Bg7 12. Qc2 bxc6 13. Rd1 Qe8 14. e4 a4 15. a3 Be6 16. Nd4 Bd7 17. Be3 Ra5 18. Rac1 c5 19. Nf3 Be6 20. Qb1 Bb3 21. Re1 c4 22. Bxb6 cxb6 23. Bxc4 Bxc4 24. Rxc4 Rb5 25. Re2 Qa8 26. Qc2 Rxb2 27. Qd1 Rd8 28. Qf1 Rxe2 29. Qxe2 b5 30. Rc7 b4 31. axb4 a3 32. Rc2 a2 0-1


[Site "https://www.chess.com"]

[Event "Titled Tuesday Blitz April 12 Early 2022"]
[White "Adelman, Charles"]
[Black "Colas, Joshua"]
[WhiteFideId "2003597"]
[BlackFideId "2044447"]
[WhiteElo "2275"]
[BlackElo "2347"]
[Result "0-1"]
[Round "01"]
[TimeControl "180+1"]
[Date "2022.04.13"]
[WhiteClock "0:00:36"]
[BlackClock "0:00:30"]

1. Nf3 Nf6 2. c4 e6 3. g3 d5 4. b3 d4 5. d3 c5 6. Bg2 Nc6 7. e3 e5 8. O-O dxe3 9. fxe3 e4 10. dxe4 Qxd1 11. Rxd1 Nxe4 12. Bb2 Bg4 13. Nc3 Nxc3 14. Bxc3 f6 15. Rd2 Be7 16. h3 Be6 17. Rad1 O-O 18. Nh2 Rfd8 19. Kf2 Rxd2+ 20. Rxd2 Rd8 21. Rxd8+ Nxd8 22. g4 Bd6 23. Nf1 b6 24. Be4 h6 25. Ng3 Nf7 26. Nf5 Bf8 27. Bd5 Bxd5 28. cxd5 Nd6 29. Nxd6 Bxd6 30. a4 a6 31. Kf3 Kf7 32. h4 b5 33. axb5 axb5 34. h5 g6 35. Ke4 Bc7 36. Bd2 Be5 37. Ba5 c4 38. bxc4 bxc4 39. Bd2 Bb2 40. Be1 gxh5 41. gxh5 Ke7 42. Kf5 c3 43. Kg6 c2 44. Bd2 c1=Q 45. Bxc1 Bxc1 46. Kxh6 Bxe3+ 47. Kg7 f5 48. Kg6 f4 49. h6 f3 50. h7 Bd4 0-1


[Site "https://www.chess.com"]

[Event "Titled Tuesday Blitz April 12 Early 2022"]
[White "Agasarov, Benik"]
[Black "Esipenko, Andrey"]
[WhiteFideId "13314823"]
[BlackFideId "24175439"]
[WhiteElo "2524"]
[BlackElo "2617"]
[Result "0-1"]
[Round "01"]
[TimeControl "180+1"]
[Date "2022.04.12"]
[WhiteClock "0:00:40"]
[BlackClock "0:01:40"]

1. e4 e5 2. Nf3 Nf6 3. Nxe5 d6 4. Nf3 Nxe4 5. d4 d5 6. Bd3 Bd6 7. O-O O-O 8. Nbd2 Bf5 9. Re1 Re8 10. Ne5 Nc6 11. Nxc6 bxc6 12. Qf3 Qd7 13. Bxe4 dxe4 14. Qe3 Bg6 15. Nc4 Bf8 16. Ne5 Qd5 17. Nxg6 hxg6 18. c3 c5 19. Bd2 cxd4 20. Qxd4 Qc6 21. Be3 Bd6 22. Rad1 Rab8 23. b3 a5 24. Qd5 Qxc3 25. Bd2 Qc2 26. Qxa5 Ra8 27. Qc3 Rxa2 28. Qxc2 Rxc2 29. f3 Bc5+ 30. Kf1 e3 31. Re2 Rd8 32. Rc1 exd2 0-1


[Site "https://www.chess.com"]

[Event "Titled Tuesday Blitz April 12 Early 2022"]
[White "Alinasab, Mobina"]
[Black "Indjic, Aleksandar"]
[WhiteFideId "12528897"]
[BlackFideId "911925"]
[WhiteElo "2031"]
[BlackElo "2616"]
[Result "0-1"]
[Round "01"]
[TimeControl "180+1"]
[Date "2022.04.12"]
[WhiteClock "0:00:17"]
[BlackClock "0:01:22"]

1. e4 c6 2. d4 d5 3. Nd2 dxe4 4. Nxe4 Nf6 5. Nxf6+ exf6 6. c3 Bd6 7. Bd3 O-O 8. Qc2 Re8+ 9. Ne2 h5 10. Be3 Nd7 11. O-O-O Nf8 12. Kb1 Be6 13. Nf4 Bxf4 14. Bxf4 b5 15. h3 h4 16. g3 hxg3 17. Bxg3 a5 18. h4 Qd5 19. b3 a4 20. b4 Bg4 21. Rde1 Bh5 22. a3 Bg6 23. Bxg6 Nxg6 24. Kb2 Nf8 25. h5 Rxe1 26. Rxe1 Qxh5 27. Qe4 Rc8 28. Bd6 Ng6 29. Rh1 Qg5 30. f4 Qg4 31. Rh2 Qd7 32. Bc5 Re8 33. Qh1 f5 34. Qf3 Qe6 35. Qh5 Qb3+ 36. Kc1 Qxc3+ 0-1


[Site "https://www.chess.com"]

[Event "Titled Tuesday Blitz April 12 Early 2022"]
[White "Allahverdiyeva, Ayan"]
[Black "Yang, Kaiqi"]
[WhiteFideId "13412590"]
[BlackFideId "8604398"]
[WhiteElo "1910"]
[BlackElo "2373"]
[Result "0-1"]
[Round "01"]
[TimeControl "180+1"]
[Date "2022.04.13"]
[WhiteClock "0:00:01"]
[BlackClock "0:01:10"]

1. e4 e6 2. d4 d5 3. Nd2 Be7 4. Bd3 c5 5. c3 cxd4 6. cxd4 dxe4 7. Nxe4 Nc6 8. Nf3 Nf6 9. O-O O-O 10. Nc3 b6 11. a3 Bb7 12. Bc2 Re8 13. Re1 Bf8 14. Qd3 g6 15. Bg5 Bg7 16. Ne4 h6 17. Nxf6+ Bxf6 18. Bxh6 Nxd4 19. Nxd4 Qxd4 20. Qg3 Qh4 21. Qxh4 Bxh4 22. Bf4 Rac8 23. Rac1 Bf6 24. Ba4 Red8 25. Rxc8 Rxc8 26. Bc1 Bd5 27. Rd1 a6 28. Re1 b5 0-1


[Site "https://www.chess.com"]

[Event "Titled Tuesday Blitz April 12 Early 2022"]
[White "Andreikin, Dmitry"]
[Black "Mikhalsky, Vladimir"]
[WhiteFideId "4158814"]
[BlackFideId "14144352"]
[WhiteElo "2736"]
[BlackElo "2301"]
[Result "1-0"]
[Round "01"]
[TimeControl "180+1"]
[Date "2022.04.12"]
[WhiteClock "0:00:25"]
[BlackClock "0:00:01"]

1. d4 g6 2. Nf3 Bg7 3. e4 d6 4. Bc4 e6 5. O-O Ne7 6. Bb3 a6 7. Re1 b6 8. c3 Bb7 9. Nbd2 h6 10. Nf1 Nd7 11. Ng3 O-O 12. Bf4 Kh7 13. Bc2 e5 14. Be3 Ng8 15. Qd2 Ngf6 16. h3 Qe7 17. Rad1 a5 18. Nh4 Rfd8 19. f4 Nxe4 20. Nxg6 fxg6 21. Nxe4 d5 22. Ng3 e4 23. f5 g5 24. Nh5 Nf6 25. Nxg7 Kxg7 26. Bf2 Bc8 27. g4 c6 28. Bg3 Kh7 29. Kf2 a4 30. Rh1 a3 31. b4 Ba6 32. Ke3 c5 33. Be5 Nd7 34. Qh2 cxb4 35. Bd6 Qg7 36. Bxb4 Nc5 37. h4 Bd3 38. dxc5 d4+ 39. Kf2 Bxc2 40. hxg5 Bxd1 41. g6+ Kg8 42. Rxd1 e3+ 43. Ke1 d3 44. Qf4 d2+ 45. Ke2 Qd7 46. Qc4+ Qd5 47. Qxd5+ Rxd5 48. cxb6 Rb8 49. Kxe3 Re8+ 50. Kf4 Re1 51. b7 Rb5 52. Rxd2 Rxb7 53. Rd8+ Kg7 54. Bf8+ 1-0


[Site "https://www.chess.com"]

[Event "Titled Tuesday Blitz April 12 Early 2022"]
[White "Ansh M Shah"]
[Black "Aitbayev, Aslan"]
[WhiteFideId "25033379"]
[BlackFideId "13704613"]
[WhiteElo "1819"]
[BlackElo "2385"]
[Result "0-1"]
[Round "01"]
[TimeControl "180+1"]
[Date "2022.04.13"]
[WhiteClock "0:00:02"]
[BlackClock "0:00:59"]

1. d4 d6 2. c4 g6 3. h4 Nf6 4. Nc3 e5 5. d5 a5 6. e4 Na6 7. Be2 Nc5 8. Qc2 Bg7 9. h5 Nxh5 10. Bxh5 gxh5 11. Rxh5 Qf6 12. Be3 O-O 13. Rg5 Kh8 14. Rg3 Bh6 15. Bxh6 Qxh6 16. Qd2 Qxd2+ 17. Kxd2 f5 18. f3 Bd7 19. Nh3 f4 20. Rg5 Rg8 21. Rg1 Rxg5 22. Nxg5 Rg8 23. Nf7+ Kg7 24. Ng5 Kh6 25. Ne6 Nxe6 26. dxe6 Bxe6 27. Nd5 c6 28. Nc3 Bxc4 29. b3 Be6 30. Ke2 Rg6 31. Kf2 Kg7 32. Rd1 Bf7 33. Na4 Kf8 34. Nb6 Ke7 35. Nc8+ Kd7 36. Nb6+ Kc7 37. Na4 b5 38. Nc3 b4 39. Na4 c5 40. Nb2 Rg8 41. Rh1 Rg7 42. Nd1 a4 43. bxa4 Bxa2 44. Nb2 Kb6 45. Ra1 Be6 46. a5+ Kb5 47. a6 Ra7 48. Nd3 Rxa6 49. Rxa6 Kxa6 50. g3 fxg3+ 51. Kxg3 b3 52. f4 c4 53. Nb2 c3 54. Na4 c2 55. fxe5 c1=Q 56. exd6 Qe3+ 57. Kh4 Qf4+ 58. Kh5 Qg4+ 59. Kh6 Qg6# 0-1


[Site "https://www.chess.com"]

[Event "Titled Tuesday Blitz April 12 Early 2022"]
[White "Artemenko, Oleg"]
[Black "Bychkov, Vladimir"]
[WhiteFideId "14201798"]
[BlackFideId "24151513"]
[WhiteElo "2287"]
[BlackElo "2197"]
[Result "0-1"]
[Round "01"]
[TimeControl "180+1"]
[Date "2022.04.13"]
[WhiteClock "0:01:10"]
[BlackClock "0:00:44"]

1. d4 Nf6 2. Nc3 d5 3. Bf4 a6 4. e3 e6 5. g4 c5 6. g5 Nfd7 7. Nf3 Nc6 8. Ne2 b5 9. c3 b4 10. Ng3 bxc3 11. bxc3 Qa5 12. Qd2 Nb6 13. Bd3 Na4 14. Rc1 Bd7 15. O-O h5 16. gxh6 gxh6 17. e4 cxd4 18. exd5 Qxd5 19. Be4 dxc3 20. Qe2 Qb5 21. Bd3 Qb4 22. Rb1 Qxf4 23. Be4 Nc5 24. Rfd1 Nxe4 25. Nxe4 Rg8+ 26. Kh1 c2 27. Qxc2 Qxf3# 0-1


[Site "https://www.chess.com"]

[Event "Titled Tuesday Blitz April 12 Early 2022"]
[White "Aslanov, Umid"]
[Black "Zierk, Steven"]
[WhiteFideId "13412620"]
[BlackFideId "2034255"]
[WhiteElo "1796"]
[BlackElo "2494"]
[Result "0-1"]
[Round "01"]
[TimeControl "180+1"]
[Date "2022.04.12"]
[WhiteClock "0:00:55"]
[BlackClock "0:01:42"]

1. e4 e5 2. Nf3 Nc6 3. Bc4 Nf6 4. d3 h6 5. O-O d6 6. c3 g5 7. Nbd2 Bg7 8. Bb3 a5 9. Nc4 Be6 10. Ne3 d5 11. Ba4 dxe4 12. Nxe5 O-O 13. Nxc6 bxc6 14. Bxc6 Rb8 15. dxe4 Qe7 16. Qc2 Qc5 17. Ba4 Nh5 18. Nf5 Bxf5 19. exf5 Nf4 20. Bxf4 gxf4 21. Qe4 Rxb2 22. Qxf4 Qxc3 23. Rac1 Rb4 24. Bd7 Rxf4 0-1


[Site "https://www.chess.com"]

[Event "Titled Tuesday Blitz April 12 Early 2022"]
[White "Atakhan, Abtin"]
[Black "Melikhov, Evgeny V."]
[WhiteFideId "22502203"]
[BlackFideId "4122046"]
[WhiteElo "2094"]
[BlackElo "1931"]
[Result "1-0"]
[Round "01"]
[TimeControl "180+1"]
[Date "2022.04.13"]
[WhiteClock "0:00:07"]
[BlackClock "0:00:11"]

1. c4 e6 2. g3 d5 3. Bg2 c5 4. Nf3 Nc6 5. O-O d4 6. e3 e5 7. exd4 exd4 8. Re1+ Be7 9. d3 Nf6 10. Bf4 O-O 11. Ne5 Nxe5 12. Bxe5 Bd6 13. Nd2 Bxe5 14. Rxe5 Qc7 15. Re1 Rb8 16. h3 b6 17. Qe2 Bb7 18. Bxb7 Qxb7 19. a3 Rfe8 20. Qf1 a5 21. Rab1 Rxe1 22. Rxe1 Re8 23. Rxe8+ Nxe8 24. Ne4 f5 25. Ng5 h6 26. Qe2 Qd7 27. Nf3 Nd6 28. Qe5 Kf7 29. Qd5+ Qe6 30. Qc6 Ne8 31. Qb7+ Kf8 32. Kf1 Nf6 33. Nh4 Nd7 34. Qc8+ Kf7 35. Qc7 Kf8 36. Nf3 g5 37. Nd2 Nf6 38. Qd8+ Kf7 39. Nf3 Ne8 40. Qb8 Kf6 41. Qd8+ Kf7 42. Qb8 Kf6 43. h4 g4 44. Nd2 Kf7 45. Nb3 Qc6 46. Kg1 Nf6 47. Nc1 Nd7 48. Qf4 Qf3 49. Qxf3 gxf3 50. Kf1 Ne5 51. Ke1 Ke6 52. Kd2 Kd6 53. Nb3 Ke6 54. Kc2 Ng4 55. Nd2 Nxf2 56. Nxf3 Nh1 57. b4 axb4 58. axb4 Nxg3 59. b5 f4 60. Kd2 Kf5 61. Ke1 Kg4 62. Kf2 Nf5 63. Nd2 Nxh4 64. Ne4 Nf5 65. Nf6+ Kg5 66. Nd5 Nd6 67. Nxb6 h5 68. Nd7 Nb7 69. Ne5 h4 70. Nf3+ Kg4 71. Ng1 h3 72. Nf3 Nd6 73. b6 Nb7 74. Nh2+ Kf5 75. Nf3 Kg4 76. Nh2+ Kf5 77. Kf3 Ke5 78. Ng4+ Kf5 79. Nf2 Kg5 80. Nxh3+ Kf5 81. Nxf4 Na5 82. Nd5 Ke5 83. Ke2 Kd6 84. Kd2 Kc6 85. Kc2 Nb7 86. Kb3 Nd6 87. Ka4 Nc8 88. Ka5 Nd6 89. Ka6 Nxc4 90. dxc4 d3 91. b7 1-0


[Site "https://www.chess.com"]

[Event "Titled Tuesday Blitz April 12 Early 2022"]
[White "Avalos Parra, Joao"]
[Black "Lou, Yiping"]
[WhiteFideId "3402541"]
[BlackFideId "8603928"]
[WhiteElo "2173"]
[BlackElo "2412"]
[Result "1-0"]
[Round "01"]
[TimeControl "180+1"]
[Date "2022.04.13"]
[WhiteClock "0:00:20"]
[BlackClock "0:00:54"]

1. d4 d5 2. c4 c6 3. Nf3 Nf6 4. e3 e6 5. b3 Nbd7 6. Bd3 Bd6 7. Bb2 O-O 8. O-O b6 9. Nbd2 Bb7 10. Rc1 Rc8 11. Ne5 c5 12. f4 cxd4 13. exd4 dxc4 14. bxc4 Qe7 15. Qe2 Ba3 16. Bxa3 Qxa3 17. Rc2 Rfd8 18. Re1 Nxe5 19. fxe5 Rxd4 20. Nb3 Rg4 21. exf6 Rxg2+ 22. Qxg2 Bxg2 23. Rxg2 g6 24. h4 a5 25. h5 a4 26. Nc1 Qc5+ 27. Kf1 Qxh5 28. Ne2 Qh1+ 29. Ng1 Qh4 30. Rf2 h5 31. Nf3 Qxf6 32. Ne5 1-0


[Site "https://www.chess.com"]

[Event "Titled Tuesday Blitz April 12 Early 2022"]
[White "Bach, Ngoc Thuy Duong"]
[Black "Shipov, Sergei"]
[WhiteFideId "12408956"]
[BlackFideId "4113624"]
[WhiteElo "1862"]
[BlackElo "2808"]
[Result "1/2-1/2"]
[Round "01"]
[TimeControl "180+1"]
[Date "2022.04.13"]
[WhiteClock "0:00:18"]
[BlackClock "0:00:11"]

1. d4 Nf6 2. c4 c5 3. Nc3 cxd4 4. Qxd4 Nc6 5. Qd1 e6 6. Nf3 d5 7. cxd5 exd5 8. e3 Bc5 9. Bd3 O-O 10. O-O Bg4 11. Be2 Qd6 12. h3 Bh5 13. Nd4 Bg6 14. a3 Rad8 15. b4 Bb6 16. Ncb5 Qd7 17. Bb2 Rfe8 18. Nf3 Ne4 19. Nc3 Qe6 20. Bb5 Bh5 21. Be2 Nxf2 22. Rxf2 Qxe3 23. Qf1 d4 24. Nd1 Qe7 25. Bd3 Bxf3 26. Rxf3 Ne5 27. Rf2 Bc7 28. Rd2 Qd6 29. g3 Qd5 30. Rf2 Nxd3 31. Qxd3 Re1+ 32. Rf1 Rxf1+ 33. Kxf1 Qh1+ 34. Ke2 Re8+ 35. Kd2 Qg2+ 36. Kc1 Bxg3 37. Kb1 Be5 38. Ka2 Rd8 39. Rc1 h6 40. Rc2 Qd5+ 41. Qc4 Qd7 42. Rd2 Qxh3 43. Rd3 Qf1 44. Rxd4 Qxc4+ 45. Rxc4 Rd2 46. Rc8+ Kh7 47. Re8 Bxb2 48. Nxb2 g5 49. Re7 Kg6 50. Rxb7 g4 51. Kb3 h5 52. Rb8 h4 53. Rg8+ Kf5 54. Nc4 Rd3+ 55. Kc2 Rf3 56. Kd2 h3 57. Ne3+ Ke4 58. Rxg4+ Rf4 59. Rg3 h2 60. Rh3 Rf2+ 61. Ke1 Rf3 62. Rh4+ Kxe3 63. Rxh2 Kd4 64. Rd2+ Kc4 65. Rd7 Rxa3 66. Rxf7 Kxb4 67. Kd2 Ra2+ 68. Kc1 a5 69. Kb1 Re2 70. Rf4+ Kb3 71. Rf3+ Kb4 72. Rf4+ Kb3 73. Rf3+ Kb4 74. Rf4+ 1/2-1/2


[Site "https://www.chess.com"]

[Event "Titled Tuesday Blitz April 12 Early 2022"]
[White "Baches Garcia, Guillermo"]
[Black "Bluebaum, Matthias"]
[WhiteFideId "2209764"]
[BlackFideId "24651516"]
[WhiteElo "2507"]
[BlackElo "2550"]
[Result "0-1"]
[Round "01"]
[TimeControl "180+1"]
[Date "2022.04.12"]
[WhiteClock "0:00:11"]
[BlackClock "0:01:50"]

1. e4 c6 2. d4 d5 3. exd5 cxd5 4. Bd3 Nc6 5. c3 Qc7 6. h3 e6 7. Nf3 Bd6 8. O-O Nge7 9. Re1 O-O 10. Nbd2 Bd7 11. Nf1 Ng6 12. Ne3 Rae8 13. Ng5 Nce7 14. Ng4 f5 15. Ne5 Nxe5 16. dxe5 Bxe5 17. Qh5 h6 18. Nf3 Bf6 19. Nd4 Nc6 20. Nb5 Qb8 21. Qg6 Re7 22. Nd4 Nxd4 23. cxd4 Be8 24. Qg3 Qxg3 25. fxg3 Bxd4+ 26. Kh2 Bc6 27. Bf4 e5 28. Rad1 g5 29. Bc1 Bb6 30. b4 e4 31. Bc2 d4 32. Bb3+ Kh7 33. a4 a6 34. b5 axb5 35. axb5 Bxb5 36. Ba3 Rfe8 37. Bxe7 Rxe7 38. Rb1 Bc6 39. Bg8+ Kxg8 40. Rxb6 Rd7 41. g4 f4 42. Ra1 d3 0-1


[Site "https://www.chess.com"]

[Event "Titled Tuesday Blitz April 12 Early 2022"]
[White "Bachmann, Axel"]
[Black "Stribuk, Artiom"]
[WhiteFideId "3700488"]
[BlackFideId "13515659"]
[WhiteElo "2587"]
[BlackElo "2259"]
[Result "1-0"]
[Round "01"]
[TimeControl "180+1"]
[Date "2022.04.12"]
[WhiteClock "0:00:04"]
[BlackClock "0:00:02"]

1. d4 Nf6 2. g3 g6 3. Bg2 Bg7 4. e4 d6 5. Ne2 O-O 6. O-O c5 7. dxc5 dxc5 8. e5 Ng4 9. f4 Nc6 10. h3 Nh6 11. Be3 Qb6 12. g4 Rd8 13. Qc1 Nd4 14. Nbc3 Bxg4 15. hxg4 Nxg4 16. Bxd4 cxd4 17. Nd5 Rxd5 18. Bxd5 d3+ 19. Kg2 dxe2 20. Rf3 Rd8 21. c4 e6 22. Kg3 h5 23. Qd2 exd5 24. cxd5 Qb5 25. Re1 Rxd5 26. Qxe2 Qxe2 27. Rxe2 Bf8 28. Rc2 Rd1 29. Rc8 Rg1+ 30. Kh3 Rh1+ 31. Kg2 Rh2+ 32. Kg1 Rxb2 33. f5 Rb6 34. e6 fxe6 35. fxg6 Rb1+ 36. Kg2 Kg7 37. Rcxf8 Kxg6 38. Rg8+ Kh6 39. Rf7 Rb2+ 40. Kg3 Rxa2 41. Rb8 Ra3+ 42. Kh4 Ne5 43. Rf6+ Kg7 44. Rxe6 Ng6+ 45. Kg5 Rg3+ 46. Kxh5 Nf4+ 47. Kh4 Nxe6 48. Kxg3 Nc5 49. Kf3 Kf6 50. Ke3 Ke6 51. Kd4 Kd6 52. Ra8 a6 53. Kc4 Kc6 54. Rc8+ Kd6 55. Rxc5 b5+ 56. Kd4 b4 57. Kc4 a5 58. Rxa5 1-0


[Site "https://www.chess.com"]

[Event "Titled Tuesday Blitz April 12 Early 2022"]
[White "Barp, Alberto"]
[Black "Kostiukov, Alexandr"]
[WhiteFideId "872555"]
[BlackFideId "14108100"]
[WhiteElo "2229"]
[BlackElo "2202"]
[Result "1/2-1/2"]
[Round "01"]
[TimeControl "180+1"]
[Date "2022.04.13"]
[WhiteClock "0:00:15"]
[BlackClock "0:00:05"]

1. d4 g6 2. Nc3 c5 3. d5 Bg7 4. e4 a6 5. a4 d6 6. f4 Nf6 7. Nf3 O-O 8. Bc4 e6 9. dxe6 Bxe6 10. Bxe6 fxe6 11. O-O Nc6 12. Ng5 Qd7 13. Be3 h6 14. Nh3 Rad8 15. f5 exf5 16. exf5 g5 17. Nd5 Nxd5 18. Qxd5+ Qf7 19. Rad1 Bd4 20. Qxf7+ Rxf7 21. Bxd4 Nxd4 22. c3 Nxf5 23. Rfe1 Re7 24. Rxe7 Nxe7 25. Nf2 d5 26. Ne4 b6 27. a5 Nc6 28. Rxd5 Rxd5 29. Nf6+ Kf7 30. Nxd5 b5 31. b4 cxb4 32. cxb4 Kg6 33. Kf2 Kf5 34. Ke2 Ke5 35. Ne3 Nxb4 36. Ng4+ Kf4 37. Nxh6 Nc6 38. g3+ Ke5 39. Ng4+ Ke6 40. Kd3 Nxa5 41. Kd4 Nc6+ 42. Kc5 Ne5 43. Ne3 Nf3 44. h3 Ng1 45. h4 gxh4 46. gxh4 Ke5 47. h5 Kf6 48. Nd5+ Kg5 49. Nc7 Kxh5 50. Nxa6 Nf3 51. Kxb5 1/2-1/2


[Site "https://www.chess.com"]

[Event "Titled Tuesday Blitz April 12 Early 2022"]
[White "Barria Zuniga, Daniel"]
[Black "Raahul V S"]
[WhiteFideId "3400816"]
[BlackFideId "25035525"]
[WhiteElo "2414"]
[BlackElo "2185"]
[Result "0-1"]
[Round "01"]
[TimeControl "180+1"]
[Date "2022.04.13"]
[WhiteClock "0:00:01"]
[BlackClock "0:00:17"]

1. d4 d5 2. c4 e6 3. Nf3 Nf6 4. Nc3 a6 5. e3 dxc4 6. Bxc4 b5 7. Bb3 Bb7 8. O-O Nbd7 9. Re1 c5 10. e4 cxd4 11. Nxd4 Qc7 12. e5 Nxe5 13. Bf4 Nfd7 14. Nxe6 fxe6 15. Bxe6 Be7 16. Bxe5 Nxe5 17. Nd5 Bxd5 18. Qxd5 Rd8 19. Qxe5 Qxe5 20. Rxe5 Bf6 21. Re2 Kf8 22. g3 g6 23. a4 b4 24. Bc4 a5 25. Rae1 Kg7 26. b3 Rhf8 27. Kg2 Rd7 28. Re6 Bd4 29. R1e2 Rdf7 30. f4 Rc7 31. h4 Bf6 32. Kh3 Rb8 33. Kg4 Rxc4 34. bxc4 b3 35. Re1 b2 36. Rb1 Rb4 37. c5 Rxa4 38. Rxf6 Kxf6 39. Rxb2 h5+ 40. Kf3 Rc4 41. Rb6+ Kf5 42. c6 Rc3+ 43. Kf2 a4 44. Ra6 a3 45. c7 Rxc7 46. Rxa3 Kg4 47. Kg2 Rc2+ 48. Kf1 Kh3 0-1


[Site "https://www.chess.com"]

[Event "Titled Tuesday Blitz April 12 Early 2022"]
[White "Bekturov, Tamerlan"]
[Black "Osmonbekov, Talaibek"]
[WhiteFideId "13710184"]
[BlackFideId "2017253"]
[WhiteElo "2151"]
[BlackElo "2135"]
[Result "1-0"]
[Round "01"]
[TimeControl "180+1"]
[Date "2022.04.13"]
[WhiteClock "0:00:42"]
[BlackClock "0:00:01"]

1. d4 e6 2. c4 f5 3. Nc3 Bb4 4. Qc2 Nf6 5. a3 Bxc3+ 6. Qxc3 O-O 7. g3 d6 8. Bg2 a5 9. Nh3 Nc6 10. O-O Qe8 11. d5 Ne5 12. Nf4 Ne4 13. Qc2 Nc5 14. Be3 a4 15. Bxc5 dxc5 16. dxe6 c6 17. Qc3 Ng4 18. h3 g5 19. hxg4 gxf4 20. gxf5 Rxf5 21. gxf4 Bxe6 22. Qg3+ Kh8 23. e4 Rf8 24. f5 Bxc4 25. Qc3+ Kg8 26. Qxc4+ Rf7 27. Rad1 Kh8 28. f4 Rg7 29. f6 Rxg2+ 30. Kxg2 Qg6+ 31. Kf2 Qxf6 32. Qc3 1-0


[Site "https://www.chess.com"]

[Event "Titled Tuesday Blitz April 12 Early 2022"]
[White "Belozerov, Andrei"]
[Black "Winkels, Marcel"]
[WhiteFideId "4120213"]
[BlackFideId "1003887"]
[WhiteElo "2320"]
[BlackElo "1900"]
[Result "1-0"]
[Round "01"]
[TimeControl "180+1"]
[Date "2022.04.13"]
[WhiteClock "0:01:19"]
[BlackClock "0:00:01"]

1. e4 c5 2. Nf3 d6 3. d4 cxd4 4. Nxd4 Nf6 5. Nc3 a6 6. Be3 e5 7. Nb3 Be6 8. f3 h5 9. Nd5 Nxd5 10. exd5 Bf5 11. Bd3 Bxd3 12. Qxd3 Be7 13. O-O-O Nd7 14. Kb1 Rc8 15. Nd2 Nc5 16. Bxc5 Rxc5 17. g4 h4 18. Rhf1 O-O 19. Ne4 Rc7 20. f4 exf4 21. Rxf4 Bg5 22. Rf5 Be7 23. Rdf1 g6 24. R5f3 Kg7 25. Qd4+ Kg8 26. Rf6 Qd7 27. Rxd6 Qc8 28. c3 Rd7 29. Rxd7 Qxd7 30. d6 Bd8 31. h3 Re8 32. Nc5 Qc6 33. d7 Rf8 34. Ne4 Bb6 35. Qd5 Qxd5 36. Nf6+ Kg7 37. Nxd5 Bd8 38. Re1 f5 39. gxf5 gxf5 40. Re8 b5 41. Kc2 a5 42. Kd3 b4 43. cxb4 axb4 44. a4 Kf7 45. Rxf8+ Kxf8 46. Kd4 Kf7 47. Ke5 Kg6 48. b3 1-0


[Site "https://www.chess.com"]

[Event "Titled Tuesday Blitz April 12 Early 2022"]
[White "Bilan, Danila"]
[Black "Sarana, Alexey"]
[WhiteFideId "24161918"]
[BlackFideId "24133795"]
[WhiteElo "2164"]
[BlackElo "2666"]
[Result "0-1"]
[Round "01"]
[TimeControl "180+1"]
[Date "2022.04.12"]
[WhiteClock "0:00:02"]
[BlackClock "0:00:42"]

1. d4 Nf6 2. Nf3 d5 3. c4 e6 4. Nc3 Nbd7 5. cxd5 exd5 6. Bg5 h6 7. Bh4 c6 8. e3 g5 9. Bg3 Nh5 10. Bd3 Nxg3 11. hxg3 Bg7 12. Qc2 Nb6 13. O-O-O Be6 14. Bf5 Qd7 15. e4 O-O-O 16. Bxe6 Qxe6 17. e5 Kb8 18. Rhe1 Nc4 19. Nd2 h5 20. Nxc4 dxc4 21. Qe4 f5 22. Qe2 h4 23. gxh4 Rxh4 24. Qe3 Rg4 25. g3 f4 26. gxf4 Rxf4 27. Ne4 Rdf8 28. Nc5 Qd5 29. e6 Bxd4 30. Nd7+ Kc7 31. Qa3 Re8 32. Qa5+ Qxa5 0-1


[Site "https://www.chess.com"]

[Event "Titled Tuesday Blitz April 12 Early 2022"]
[White "Biletskiy, Danylo"]
[Black "Vianello, Enrico"]
[WhiteFideId "14155419"]
[BlackFideId "810738"]
[WhiteElo "2087"]
[BlackElo "2272"]
[Result "1-0"]
[Round "01"]
[TimeControl "180+1"]
[Date "2022.04.13"]
[WhiteClock "0:00:49"]
[BlackClock "0:00:11"]

1. e4 d6 2. d4 Nf6 3. Nc3 e5 4. dxe5 dxe5 5. Qxd8+ Kxd8 6. Bg5 Be6 7. O-O-O+ Nd7 8. f3 Kc8 9. Nge2 a6 10. Ng3 h6 11. Be3 Bc5 12. Bxc5 Nxc5 13. Nd5 Nxd5 14. exd5 Bd7 15. a3 b5 16. Be2 Nb7 17. c4 bxc4 18. Bxc4 Nd6 19. Ba2 Kb7 20. Rhe1 f6 21. Ne4 Rhe8 22. Kb1 Bf5 23. Ka1 Bxe4 24. fxe4 Rab8 25. Rc1 Re7 26. Bc4 Rc8 27. Bd3 Nb5 28. Rc6 Rd7 29. Rec1 Rd6 30. a4 Nd4 31. Bxa6+ Kb8 32. Bxc8 Nxc6 33. Rxc6 Rxc6 34. dxc6 Kxc8 35. b4 g6 36. g4 Kb8 37. a5 Ka7 38. b5 1-0


[Site "https://www.chess.com"]

[Event "Titled Tuesday Blitz April 12 Early 2022"]
[White "Bintang, Rasyid A. Hidayat"]
[Black "Zhu, Jiner"]
[WhiteFideId "7105355"]
[BlackFideId "8608059"]
[WhiteElo "2371"]
[BlackElo "2281"]
[Result "1-0"]
[Round "01"]
[TimeControl "180+1"]
[Date "2022.04.13"]
[WhiteClock "0:00:43"]
[BlackClock "0:00:35"]

1. d4 Nf6 2. Bf4 d5 3. e3 e6 4. Nd2 Bd6 5. Bg3 O-O 6. Ngf3 c5 7. c3 Qc7 8. Ne5 Nc6 9. f4 b6 10. Bd3 Bb7 11. O-O Ne7 12. Bh4 Ne4 13. Bxe7 Bxe7 14. Qc2 Nxd2 15. Qxd2 f6 16. Nf3 Bd6 17. g3 Rae8 18. Rae1 e5 19. Bf5 e4 20. Nh4 g6 21. Bh3 cxd4 22. cxd4 f5 23. Rc1 Qe7 24. a3 Rc8 25. Rxc8 Rxc8 26. Rc1 Rc7 27. Bf1 Kf7 28. Ng2 Qd8 29. h4 Qc8 30. Rxc7+ Qxc7 31. Ne1 Bc8 32. Nc2 Bd7 33. Nb4 Be6 34. Qc2 Qxc2 35. Nxc2 a5 36. Kf2 h6 37. Bb5 Kf6 38. Ne1 1-0


[Site "https://www.chess.com"]

[Event "Titled Tuesday Blitz April 12 Early 2022"]
[White "Blokhin, Sofia"]
[Black "Ehlvest, Jaan"]
[WhiteFideId "4508190"]
[BlackFideId "4500016"]
[WhiteElo "1764"]
[BlackElo "2505"]
[Result "0-1"]
[Round "01"]
[TimeControl "180+1"]
[Date "2022.04.13"]
[WhiteClock "0:00:08"]
[BlackClock "0:01:35"]

1. d4 d5 2. c4 e6 3. Nc3 Nf6 4. Nf3 Be7 5. e3 O-O 6. cxd5 exd5 7. Bd3 c6 8. O-O Bg4 9. h3 Bh5 10. Re1 Nbd7 11. e4 dxe4 12. Nxe4 Nxe4 13. Bxe4 Nf6 14. Bc2 Bb4 15. Re3 Nd5 16. Rb3 Re8 17. a3 Re1+ 18. Qxe1 Bxe1 19. Nxe1 Qe7 20. Be3 Re8 21. Bf5 Bg6 22. Bxg6 hxg6 23. Nf3 f6 24. Re1 Qf7 25. Rd3 g5 26. Bd2 Rxe1+ 27. Nxe1 Qe6 28. Be3 g4 29. hxg4 Qxg4 30. Nf3 g5 31. Rb3 b5 32. Nd2 Qf5 33. a4 b4 34. a5 Qc2 35. Kf1 Nxe3+ 0-1


[Site "https://www.chess.com"]

[Event "Titled Tuesday Blitz April 12 Early 2022"]
[White "Bongo Akanga Ndjila, Barthelemy"]
[Black "Janaszak, Dawid"]
[WhiteFideId "10609431"]
[BlackFideId "1119206"]
[WhiteElo "1768"]
[BlackElo "2199"]
[Result "0-1"]
[Round "01"]
[TimeControl "180+1"]
[Date "2022.04.13"]
[WhiteClock "0:00:44"]
[BlackClock "0:01:36"]

1. d4 Nf6 2. c4 g6 3. Nc3 Bg7 4. e4 d6 5. Be2 O-O 6. Nf3 Bg4 7. Be3 Nc6 8. d5 Bxf3 9. Bxf3 Ne5 10. Be2 c5 11. f4 Ned7 12. O-O a6 13. Qd2 Rb8 14. a4 Qa5 15. g4 Ne8 16. g5 f6 17. h4 fxg5 18. hxg5 Nc7 19. Bg4 Rbd8 20. Kg2 Qb4 21. Be2 Nb6 22. a5 Nxc4 23. Bxc4 Qxc4 24. Ra4 Bxc3 25. Rxc4 Bxd2 26. Bxd2 e6 27. dxe6 Nxe6 28. f5 Nd4 29. f6 d5 30. exd5 Rxd5 31. Bc3 Rxg5+ 32. Kh3 Rh5+ 33. Kg4 Nf5 34. Kf3 Rh3+ 35. Ke4 Ng3+ 36. Kf3 Nxf1+ 37. Kg2 Ne3+ 38. Kxh3 Nxc4 0-1


[Site "https://www.chess.com"]